 Dungeon Crawl Stone Soup version 0.30-a0-377-g5cb311bc9f (webtiles) character file.

Game seed: 7038786330582679479

1 Shayle the Conjurer (level 1, -1/16 HPs)
             Began as a Demonspawn Reaver on Nov 28, 2022.
             Slain by an endoplasm (2 damage)
             ... on level 1 of the Dungeon.
             The game lasted 00:00:57 (134 turns).

Shayle the Conjurer (Demonspawn Reaver)              Turns: 134, Time: 00:00:58

Health: -1/16      AC:  3    Str: 12    XL:     1   Next: 16%
Magic:  3/3        EV: 11    Int: 14    God:
Gold:   13         SH:  0    Dex: 11    Spells: 3/4 levels left

rFire   . . .      SeeInvis .    a - +0 hand axe
rCold   . . .      Faith    .    (no shield)
rNeg    . . .      Spirit   .    b - +0 leather armour
rPois   .          Reflect  .    (no helmet)
rElec   .          Harm     .    (no cloak)
rCorr   .          Rampage  .    (no gloves)
Will    .....                    (no boots)
Stlth   +.........               (no amulet)
HPRegen 0.22/turn                (no ring)
MPRegen 0.08/turn                (no ring)

@: no status effects
A: no striking features
a: no special abilities


You were on level 1 of the Dungeon.
You visited 1 branch of the dungeon, and saw 1 of its levels.

You collected 13 gold pieces.

Inventory:

Hand Weapons
 a - a +0 hand axe (weapon)
Armour
 b - a +0 leather armour (worn)
Scrolls
 c - a scroll of fear {unknown}


   Skills:
 + Level 2.0 Fighting
 - Level 2.6 Axes
 + Level 0.1 Armour
 - Level 1.7 Dodging
 + Level 0.1 Stealth
 - Level 2.0 Spellcasting
 - Level 3.0 Conjurations


You had 3 spell levels left.
You knew the following spells:

 Your Spells              Type           Power      Damage    Failure   Level
a - Kiss of Death         Conj/Necr      20%        2d7       16%         1

Your spell library contained the following spells:

 Spells                   Type           Power      Damage    Failure   Level
 Momentum Strike          Conj/Tloc      10%        3d8       24%         2
 Hailstorm                Conj/Ice       5%         3d4       43%         3


Dungeon Overview and Level Annotations

Branches:
Dungeon (1/15)

Altars:


Message History

The bat hits you but does no damage.
You closely miss the bat. The bat hits you.
You closely miss the bat. The bat hits you. The bat closely misses you.
You barely miss the bat. The bat barely misses you. The bat barely misses you.
The bat hits you but does no damage.
You hit the bat.
You kill the bat!
You see here a bat corpse.
A hobgoblin comes into view.
The hobgoblin shouts!
An endoplasm comes into view.
The hobgoblin hits you but does no damage.
You hit the hobgoblin but do no damage. The hobgoblin hits you.
You hit the hobgoblin.
The hobgoblin is severely wounded.
You barely miss the endoplasm. The hobgoblin barely misses you.
The endoplasm misses you.
You barely miss the hobgoblin.
The hobgoblin is severely wounded.
You hit the endoplasm but do no damage. The hobgoblin closely misses you.
The endoplasm closely misses you.
You hit the hobgoblin but do no damage.
The hobgoblin is severely wounded.
You hit the endoplasm. The hobgoblin barely misses you.
The endoplasm closely misses you.
You closely miss the hobgoblin.
The hobgoblin is severely wounded.
You hit the endoplasm but do no damage. The hobgoblin hits you.
The endoplasm freezes you.
You are frozen.
The hobgoblin hits you. The endoplasm barely misses you.
You hit the hobgoblin but do no damage.
The hobgoblin is severely wounded.
You barely miss the endoplasm. The hobgoblin barely misses you.
The endoplasm freezes you.
You are frozen.
* * * LOW HITPOINT WARNING * * *
The endoplasm attacks as you move away! The endoplasm hits you.
You die...

#.#......#####
#.#..........#
#.....##.###.#######
#.....##............
...#####.....#####..#######
#...................#.#....
#..#######.#.#####....#.##.
###.#.########.#†.#.
#..@.....#####.#..#.
+.Jg................
#........##.........
..........##........#
###........##........#
#........##........#
#........##........#
###+################


You could see an endoplasm and a hobgoblin.

Vanquished Creatures
  A ball python (D:1)
  A bat (D:1)
2 creatures vanquished.

Notes
Turn   | Place    | Note
-------+----------+-------------------------------------------
     0 | D:1      | Shayle the Demonspawn Reaver began the quest for the Orb.
     0 | D:1      | Reached XP level 1. HP: 16/16 MP: 3/3
   134 | D:1      | Slain by an endoplasm

Illustrated notes

Levels and vault maps discovered:
D:1:      dpeg_arrival_erosion, layout_basic

Action                   || total
-------------------------++-------
Melee: Hand axe          ||    13
       Punch             ||     1
Armor: Leather armour    ||     4
Dodge: Dodged            ||    14

Table legend: (Time is in decaauts)
 A = Elapsed time spent in this place.
 B = Non-inter-level travel time spent in this place.
 C = Inter-level travel time spent in this place.
 D = Time resting spent in this place.
 E = Time spent auto-exploring this place.
 F = Levels seen in this place.
 G = Mean time per level.
                   A        B        C        D        E       F      G
               +--------+--------+--------+--------+--------+-----+--------+
         Total |    136 |    136 |      0 |      0 |    100 |   1 |  136.0 |
       Dungeon |    136 |    136 |      0 |      0 |    100 |   1 |  136.0 |
               +--------+--------+--------+--------+--------+-----+--------+

Top non-repeatable levels by time:
     D:1: 136 daAuts
